 Dungeon Crawl Stone Soup version 0.21.0-3-g78d12a8 (webtiles) character file.

131 Inchmeat the Spear-Bearer (level 5, -2/41 HPs)
             Began as a Merfolk Monk on Jan 13, 2018.
             Slain by Menkaure (15 damage)
             ... on level 5 of the Dungeon.
             The game lasted 00:03:47 (2703 turns).

Inchmeat the Spear-Bearer (Merfolk Monk)            Turns: 2703, Time: 00:03:47

Health: -2/41      AC:  3    Str: 12    XL:     5   Next: 14%
Magic:  5/5        EV: 14    Int: 10    God:
Gold:   65         SH:  0    Dex: 16    Spells: 4/4 levels left

rFire    . . .     SeeInvis +   e - +0 trident
rCold    + . .     Gourm    .   (no shield)
rNeg     . . .     Faith    .   s - +0 leather armour of Benevolence {rPois rC+ SInv}
rPois    +         Spirit   .   (no helmet)
rElec    .         Reflect  .   (no cloak)
rCorr    .         Harm     .   (no gloves)
MR       .....                  (no boots)
Stlth    ++........             (no amulet)
HPRegen  0.13/turn              (no ring)
MPRegen  0.09/turn              (no ring)

@: very slightly contaminated, invisible
A: change form in water, swift swim, stealthy swim
a: no special abilities


You were on level 5 of the Dungeon.
You were hungry.

You visited 1 branch of the dungeon, and saw 4 of its levels.

You collected 65 gold pieces.

Inventory:

Hand Weapons
 e - a +0 trident (weapon)
Missiles
 t - 2 throwing nets (quivered)
Armour
 s - the +0 leather armour of Benevolence (worn) {rPois rC+ SInv}
   (You found it on level 4 of the Dungeon)

   It protects you from cold.
   It protects you from poison.
   It lets you see invisible.
Wands
 o - a wand of clouds (4)
 q - a wand of acid (4)
Scrolls
 a - a scroll of fog {unknown}
 d - 3 scrolls of identify {unknown}
 g - a scroll of enchant weapon {unknown}
 i - a scroll of remove curse {@r2}
 j - a scroll of noise {unknown}
 p - a scroll of teleportation {unknown}
Potions
 b - a potion of resistance {unknown}
 f - 2 potions of curing {unknown}
 h - a potion of degeneration {unknown}
 k - a potion of invisibility
 l - a potion of agility {unknown}
 m - a potion of might {unknown}
 n - a potion of magic {unknown}
 r - a potion of flight {unknown}
Comestibles
 c - 6 rations


   Skills:
 - Level 3.2 Fighting
 * Level 8.2 Polearms
 - Level 4.0 Dodging
 - Level 2.1 Stealth


You had 4 spell levels left.
You didn't know any spells.

Dungeon Overview and Level Annotations

Branches:
Dungeon (5/15)
 Temple: D:4-7

Altars:

Annotations:
D:5 Menkaure


Message History

Menkaure hits ye.
Ye be very lightly contaminated wit' residual magic.
Ye hit Menkaure.
Menkaure be lightly damaged.
Menkaure closely misses ye.
Ye barely miss Menkaure.
Menkaure be lightly damaged.
Tha quokka misses ye.
Yer leathar armour o' Benevolence prevents ye from hittin' Menkaure.
Menkaure be lightly damaged.
Menkaure misses ye.
Tha quokka barely misses ye.
Ye hit Menkaure.
Menkaure be moderately damaged.
Menkaure hums, "It don't hurt if'n ye pull yer brain outta yer nose yerself."
Menkaure gestures at ye while chantin'.
Pain shoots through yer body!
Tha quokka closely misses ye.
Ye hit Menkaure.
Menkaure be heavily damaged.
Tha quokka bites ye.
Menkaure hits ye!
Ye die...

#.......######'##
#.......#.......# .
#.......#.......# ..
#.......#.......# ...
#.......#.......# ..
#.......#.......#
###'###.......#.####'##
#.......#######.##...##
#.....@.# ..........
#....rM.# ..........
#.......# ..........
#.......# #######...
##.....## #### #.....#
#.....# #.....#


You could see Menkaure and a quokka.

Vanquished Creatures
  A gnoll (D:4)
  6 adders
  2 worms (D:2)
  A dart slug (D:1)
  4 leopard geckos
  2 orcs
  A giant cockroach (D:1)
  4 hobgoblins
  3 jackals (D:1)
  6 kobolds
  A ball python (D:2)
  6 bats (D:1)
  5 frilled lizards
  6 goblins
  11 rats
59 creatures vanquished.

Notes
Turn   | Place    | Note
-------+----------+-------------------------------------------
     0 | D:1      | Inchmeat the Merfolk Monk began the quest for the Orb.
     0 | D:1      | Reached XP level 1. HP: 18/18 MP: 1/1
   201 | D:1      | Reached skill level 5 in Polearms
   201 | D:1      | Reached XP level 2. HP: 13/24 MP: 2/2
   751 | D:1      | Reached skill level 6 in Polearms
   751 | D:1      | Reached XP level 3. HP: 29/29 MP: 3/3
  1509 | D:2      | Reached XP level 4. HP: 30/35 MP: 4/4
  1562 | D:2      | Reached skill level 7 in Polearms
  2144 | D:2      | You fall through a shaft for 2 floors!
  2270 | D:4      | Got a steaming leather armour
  2282 | D:4      | Identified the +0 leather armour of Benevolence {rPois rC+ SInv} (You found it on level 4 of the Dungeon)
  2362 | D:4      | Reached skill level 8 in Polearms
  2362 | D:4      | Reached XP level 5. HP: 23/41 MP: 5/5
  2433 | D:5      | Entered Level 5 of the Dungeon
  2691 | D:5      | Noticed Menkaure
  2703 | D:5      | Slain by Menkaure

Skill      XL: |  1  2  3  4 |
---------------+-------------+-----
Polearms       | 5 6 8 |  8.2
Fighting       | |  3.2
Dodging        | |  4.0
Stealth        | |  2.1

Action                   |  1- 3 |  4- 6 || total
-------------------------+-------+-------++-------
Melee: Spear             |   162 |    98 ||   260
       Trident           |       |     9 ||     9
  Use: Scroll            |       |     1 ||     1
       Potion            |       |     1 ||     1
 Stab: Sleeping          |     8 |       ||     8
  Eat: Chunk             |     1 |     4 ||     5
Armor: Ring mail         |    29 |    19 ||    48
       Robe              |     1 |       ||     1
       Leather armour    |       |     3 ||     3
Dodge: Dodged            |    56 |    58 ||   114
